 Dungeon Crawl Stone Soup version 0.25.1-2-g60ff931df9 (webtiles) character file.

Game seed: 8091901769090892664

103361 Amplified the Warrior (level 16, -10/110 HPs)
             Began as a Gargoyle Monk on Sept 11, 2020.
             Was a High Priest of Qazlal.
             Mangled by a shambling mangrove (24 damage)
             ... on level 1 of the Swamp.
             The game lasted 00:38:41 (26993 turns).

Amplified the Warrior (Gargoyle Monk)              Turns: 26993, Time: 00:38:41

Health: -10/110    AC: 48    Str: 21    XL:     16   Next: 35%
Magic:  22/26      EV: 11    Int: 12    God:    Qazlal [*****.]
Gold:   267        SH:  7    Dex: 19    Spells: 15/15 levels left

rFire    + . .     SeeInvis +   q - +6 morningstar (protect)
rCold    + . .     Gourm    .   (no shield)
rNeg     + + .     Faith    .   j - +8 chain mail of Tiasaas {+Inv Dex+3}
rPois    ∞         Spirit   .   n - +2 helmet (curse)
rElec    +         Reflect  .   J - scarf {harm}
rCorr    .         Harm     +   i - +1 pair of gloves "Toeruar" {rF+ rN+ Dex+4}
MR       +....                  m - +2 pair of boots
Stlth    ..........             s - amulet of the acrobat
HPRegen  0.28/turn              C - ring of see invisible
MPRegen  0.20/turn              Q - ring of protection from cold

@: grasped by roots, protection aura, flying, constricted, repel missiles
A: big wings, negative energy resistance 1, electricity resistance, unbreathing,
petrification resistance, rot immunity, AC +12
a: Stop Flying, Upheaval, Elemental Force, Disaster Area, Renounce Religion,
Evoke Invisibility


You were on level 1 of the Swamp.
You worshipped Qazlal.
Qazlal was extremely pleased with you.
You were full.

You visited 5 branches of the dungeon, and saw 25 of its levels.
You also visited: Ice Cave.

You collected 2776 gold pieces.
You spent 2509 gold pieces at shops.

Inventory:

Hand Weapons
 q - a +6 morningstar of protection (weapon)
 u - a +1 whip of electrocution
 x - a +0 double sword
Missiles
 g - 78 poisoned darts (quivered)
 k - 2 throwing nets
Armour
 i - the +1 pair of gloves "Toeruar" (worn) {rF+ rN+ Dex+4}
   (You bought it in a shop on level 9 of the Dungeon)

   It affects your dexterity (+4).
   It protects you from fire.
   It protects you from negative energy.
 j - the +8 chain mail of Tiasaas (worn) {+Inv Dex+3}
   (You bought it in a shop on level 9 of the Dungeon)

   It affects your dexterity (+3).
   It lets you turn invisible.
 m - a +2 pair of boots (worn)
 n - a cursed +2 helmet (worn)
 r - a +0 ring mail of cold resistance
 G - a +0 kite shield
 J - a scarf of harm (worn)
Jewellery
 l - an uncursed amulet of reflection
 s - an amulet of the acrobat (around neck)
 C - a ring of see invisible (left hand)
 I - an uncursed ring of positive energy
 P - an uncursed ring of protection from cold
 Q - a ring of protection from cold (right hand)
Wands
 f - a wand of iceblast (14)
 D - a wand of polymorph (9)
 F - a wand of disintegration (4)
 H - a wand of enslavement (19)
 L - a wand of flame (11)
 S - a wand of paralysis (3)
 U - a wand of acid (10)
Scrolls
 o - 12 scrolls of remove curse
 w - a scroll of immolation
 y - 2 scrolls of teleportation
 z - 6 scrolls of amnesia
 B - a scroll of magic mapping
 O - a scroll of holy word
Potions
 d - 5 potions of flight
 e - a potion of cancellation
 h - 3 potions of curing
 p - 6 potions of brilliance
 t - 2 potions of mutation
 v - a potion of lignification
 A - a potion of ambrosia
 E - a potion of resistance
 K - a potion of magic
 N - 2 potions of berserk rage
Comestibles
 a - 4 chunks of flesh
 c - 37 rations


   Skills:
 * Level 15.9 Fighting
   Level 2.7 Short Blades
 * Level 14.4 Maces & Flails
 + Level 11.3 Armour
 + Level 9.3 Dodging
 - Level 2.1 Stealth
 * Level 14.4 Invocations


You had 15 spell levels left.
You didn't know any spells.
Your spell library contained the following spells:

 Spells                   Type           Power        Failure   Level  Hunger
 Corona                   Hex            #......      90%         1    ##.....
 Foxfire                  Conj/Fire      #...         90%         1    ##.....
 Summon Small Mammal      Summ           #...         90%         1    ##.....
 Call Imp                 Summ           #.......     97%         2    ###....
 Ensorcelled Hibernation  Hex/Ice        #.....       97%         2    ###....
 Slow                     Hex            #.......     97%         2    ###....
 Call Canine Familiar     Summ           #.......     99%         3    ####...
 Confusing Touch          Hex            #.......     99%         3    ####...
 Conjure Flame            Conj/Fire      #.......     99%         3    ####...
 Dazzling Flash           Conj/Hex       #.....       99%         3    ####...
 Frozen Ramparts          Ice            #.....       99%         3    ####...
 Gell's Gravitas          Tloc           #.........   99%         3    ####...
 Ignite Poison            Fire/Tmut/Pois #.......     99%         3    ####...
 Inner Flame              Hex/Fire       #.......     99%         3    ####...
 Portal Projectile        Hex/Tloc       #.....       99%         3    ####...
 Summon Guardian Golem    Hex/Summ       #.......     99%         3    ####...
 Tukima's Dance           Hex            #.......     99%         3    ####...
 Cause Fear               Hex            #.........   100%        4    #####..
 Ice Form                 Ice/Tmut       #.......     100%        4    #####..
 Leda's Liquefaction      Hex/Erth       #.........   100%        4    #####..
 Petrify                  Tmut/Erth      #.......     100%        4    #####..
 Sticky Flame             Conj/Fire      #.......     100%        4    #####..
 Summon Ice Beast         Ice/Summ       #.......     100%        4    #####..
 Summon Lightning Spire   Summ/Air       #.......     100%        4    #####..
 Alistair's Intoxication  Tmut/Pois      #.......     100%        5    ######.
 Excruciating Wounds      Chrm/Necr      #.........   100%        5    ######.
 Fireball                 Conj/Fire      #.........   100%        5    ######.
 Irradiate                Conj/Tmut      #.........   100%        5    ######.
 Metabolic Englaciation   Hex/Ice        #.........   100%        5    ######.
 Yara's Violent Unravell  Hex/Tmut       #.........   100%        5    ######.
 Eringya's Noxious Bog    Tmut/Pois      #.........   100%        6    #######
 Freezing Cloud           Conj/Ice/Air   #.........   100%        6    #######
 Ozocubu's Refrigeration  Ice            #.........   100%        6    #######
 Simulacrum               Ice/Necr       #.........   100%        6    #######
 Sublimation of Blood     Necr           Unusable     N/A         2    N/A

Dungeon Overview and Level Annotations

Branches:
Dungeon (15/15)            Temple (0/1) D:7            Lair (6/6) D:11
  Swamp (1/4) Lair:4       Spider (1/4) Lair:4        Slime (0/5) Lair:6
    Orc (2/2) D:10            Elf (0/3) Orc:2        Vaults (0/5) D:13
 Depths (0/5) D:15          IceCv (visited)

Altars:
Ashenzari
Fedhas
Gozag
Kikubaaqudgha
Makhleb
Qazlal
Ru
Sif Muna
Trog
Wu Jian
Yredelemnul
Zin

Shops:
D:2 *   D:4 (   D:9 [   D:13 [   Orc:1 (   Orc:2 ?=(:

Annotations:
D:10 1 runed translucent door, Novichep's ghost, journeyman GnWz
D:14 exclusion: obsidian statue, Roxanne
Lair:5 1 runed translucent door, Hairutzoic's ghost, journeyman MiBe
Lair:6 exclusion: 2 oklob plants
Swamp:1 Frances


Innate Abilities, Weirdness & Mutations

You are resistant to torment.
Your stone body is resilient. (AC +12)
You are immune to poison.
Your large and strong wings let you fly indefinitely.
You resist negative energy. (rN+)
You are resistant to electric shocks. (rElec)
You can survive without breathing.
You are immune to petrification.
You are immune to rotting.


Message History

Qazlal accepts your kill.
The blast of magma engulfs the vampire mosquito!!
You destroy the vampire mosquito!
Qazlal accepts your kill.
Frances is engulfed in noxious fumes.
You block Frances's attack.
Frances is engulfed in noxious fumes.
Frances hits you from afar with a +0 glaive!
Unknown command.
Unknown command.
Unknown command.
Unknown command.
You puncture the komodo dragon!
You kill the komodo dragon!
Qazlal accepts your kill. The grasping roots constrict you!
The roots' grasp on you weakens, but your attempt to escape fails.
Frances screams a word of power!
The shard of ice hits you!!! You partially resist.
* * * LOW HITPOINT WARNING * * *
You die...

§≈.≈§≈≈≈..
♣.).≈....
♣.♣...≈.♣
♣.≈≈≈≈.♣
♣...≈≈.♣
♣..≈...♣♣
♣..≈.§@f♣
♣≈≈♣♣.§♣♣
♣♣. ♣≈@♣
♣.≈☼♣.♣
♣≈.≈≈.♣
♣≈♣≈≈.♣
♣.≈≈≈≈♣
♣.≈≈≈≈♣
♣......
....♣..


You could see Frances (fast) and a shambling mangrove.

Vanquished Creatures
  Rupert (Lair:4)
  A frost giant (IceCv)
  A stone giant (Orc:1)
  An entropy weaver (Lair:4)
  An ettin (D:15)
  Josephine (Lair:5)
  7 hydras
  Harold (D:8)
  A catoblepas (Lair:6)
  4 centaur warriors
  A death knight (D:15)
  Erica (D:9)
  6 two-headed ogres
  6 death yaks (Lair:5)
  An ogre mage (D:13)
  5 tengu warriors
  Urug (Lair:4)
  An unseen horror (D:14)
  A deep elf archer (D:15)
  A deep troll (D:15)
  2 phantasmal warriors (D:15)
  Pikel (D:7)
  5 orc knights
  A manticore (D:12)
  An orc sorcerer (Orc:2)
  A deep elf mage (D:13)
  2 cyclopes
  3 ugly things (D:15)
  An ice statue (IceCv)
  Psyche (D:10)
  8 elephants
  4 black mambas
  3 centaur zombies
  19 spiny frogs
  An efreet (D:15)
  A rime drake (IceCv)
  2 kobold demonologists (D:15)
  7 komodo dragons
  2 freezing wraiths (D:15)
  2 demonic crawlers (Lair:4)
  A tengu conjurer (D:15)
  A jumping spider (Lair:4)
  21 polar bears
  24 blink frogs
  2 hornets
  A wolf spider simulacrum (D:15)
  10 trolls
  10 slime creatures
  10 hippogriffs
  4 tyrant leeches (Lair:6)
  Grinder (D:5)
  10 dream sheep (Lair:6)
  3 redbacks (Lair:4)
  A shadow (Swamp:1)
  2 centaur simulacra (D:15)
  3 vampires
  A wyvern (D:14)
  A tarantella (Spider:1)
  6 wraiths
  Eustachio (D:4)
  3 water elementals
  41 yaks
  4 hungry ghosts
  2 basilisks (Lair:3)
  12 vampire mosquitoes
  A redback simulacrum (D:15)
  Menkaure (D:5)
  5 wargs
  2 soldier ants
  A swamp worm (Swamp:1)
  A harpy simulacrum (D:14)
  7 porcupines
  11 water moccasins
  A hornet zombie (D:10)
  33 orc warriors
  A swamp drake (Swamp:1)
  4 sky beasts
  5 ice beasts
  4 phantoms
  2 black bears
  10 ogres
  2 slaves (D:7)
  24 wolves
  14 crocodiles
  27 centaurs
  13 big kobolds
  26 bullfrogs
  A gnoll sergeant (D:8)
  2 wyvern zombies (D:13)
  4 scorpions
  3 killer bees (D:10)
  3 wights
  2 howler monkeys
  6 electric eels
  7 crimson imps
  2 quasits
  3 bullfrog zombies
  11 hounds
  10 orc priests
  4 centaur skeletons
  3 iguanas
  5 jellies
  12 orc wizards
  3 bullfrog skeletons
  An iron imp (D:14)
  6 hell rats (Lair:5)
  11 worker ants
  8 ogre zombies (D:10)
  A hound skeleton (D:9)
  A worker ant zombie (D:9)
  Robin (D:2)
  15 gnolls
  8 adders
  2 shadow imps
  4 white imps
  An ufetubus (D:14)
  4 oozes
  2 adder skeletons
  3 worms
  A dart slug (D:4)
  4 leopard geckos
  77 orcs
  6 ball pythons
  5 bats
  6 giant cockroaches
  18 goblins
  7 hobgoblins
  21 jackals
  2 quokkas (D:3)
  3 frilled lizards
  A goblin skeleton (D:10)
  3 goblin zombies (D:10)
  2 hobgoblin skeletons (D:10)
  2 hobgoblin zombies (D:10)
  38 kobolds
  A leopard gecko skeleton (D:6)
  2 orc skeletons (D:10)
  15 orc zombies (D:10)
  2 quokka skeletons (D:4)
  8 rats
  4 butterflies
  A fungus (D:5)
  A plant (Lair:6)
859 creatures vanquished.

Vanquished Creatures (collateral kills)
  Donald (Orc:2)
  A komodo dragon (Lair:6)
  A blink frog (Lair:6)
  3 yaks (Lair:6)
  2 bullfrogs (Lair:6)
  A fungus (Lair:6)
9 creatures vanquished.

Vanquished Creatures (others)
  A yak (Lair:6)
  A water moccasin (D:7)
  2 slaves (D:7)
  A worker ant (D:7)
  3 orcs (Orc:2)
  2 bushes (D:14)
  17 fungi
  34 plants
  4 toadstools (D:5)
65 creatures vanquished.

Grand Total: 933 creatures vanquished

Notes
Turn   | Place    | Note
-------+----------+-------------------------------------------
     0 | D:1      | Amplified the Gargoyle Monk began the quest for the Orb.
     0 | D:1      | Reached XP level 1. HP: 14/14 MP: 1/1
   463 | D:1      | Reached XP level 2. HP: 19/19 MP: 2/2
  1174 | D:2      | Reached XP level 3. HP: 17/24 MP: 3/3
  1274 | D:2      | Reached skill level 1 in Armour
  1463 | D:2      | Noticed Robin
  1637 | D:2      | Reached skill level 4 in Fighting
  1637 | D:2      | Reached XP level 4. HP: 29/29 MP: 4/4
  1942 | D:2      | Killed Robin
  2108 | D:2      | Reached skill level 1 in Short Blades
  2108 | D:2      | Reached XP level 5. HP: 23/34 MP: 5/5
  2217 | D:2      | Found Zin's Purification Station.
  2220 | D:2      | Found a glowing silver altar of Zin.
  2625 | D:3      | Reached XP level 6. HP: 31/40 MP: 6/6
  2632 | D:3      | Reached skill level 5 in Fighting
  3534 | D:4      | Noticed a phantom
  3603 | D:3      | Killed a phantom
  3743 | D:4      | Found Orhao's Antique Weapon Emporium.
  3754 | D:4      | Reached XP level 7. HP: 44/44 MP: 7/7
  3825 | D:4      | Bought a runed morningstar for 140 gold pieces
  3927 | D:4      | Noticed Eustachio
  3941 | D:4      | Killed Eustachio
  3976 | D:4      | Reached skill level 6 in Fighting
  4410 | D:5      | Entered Level 5 of the Dungeon
  4480 | D:5      | Noticed Edmund
  4481 | D:5      | Noticed Edmund
  4481 | D:5      | Edmund changed into Edmund the fire bat
  4482 | D:5      | Noticed Edmund
  4482 | D:5      | Edmund the fire bat changed into Edmund the soldier ant
  4491 | D:5      | Killed Edmund the soldier ant
  4491 | D:5      | Reached XP level 8. HP: 40/52 MP: 8/8
  4652 | D:5      | Reached skill level 5 in Maces & Flails
  4712 | D:5      | Noticed Menkaure
  4728 | D:5      | Killed Menkaure
  4728 | D:5      | Reached skill level 7 in Fighting
  5080 | D:5      | Noticed Grinder
  5081 | D:5      | Paralysed by Grinder for 4 turns
  5103 | D:5      | Killed Grinder
  5143 | D:5      | Found a stormy altar of Qazlal.
  5241 | D:5      | Became a worshipper of Qazlal Stormbringer
  5241 | D:5      | Reached * piety under Qazlal
  5241 | D:5      | Reached ** piety under Qazlal
  5445 | D:6      | Reached skill level 1 in Invocations
  5483 | D:6      | Reached XP level 9. HP: 52/58 MP: 8/10
  5519 | D:6      | You fall into a shaft and drop 1 floor!
  5900 | D:6      | Found a bloodstained altar of Trog.
  5971 | D:6      | Found a sacrificial altar of Ru.
  5976 | D:6      | Found a shimmering blue altar of Sif Muna.
  5989 | D:6      | Noticed a two-headed ogre
  6343 | D:7      | Reached skill level 8 in Fighting
  6348 | D:7      | Found an opulent altar of Gozag.
  6408 | D:7      | Found an ornate altar of the Wu Jian Council.
  6488 | D:7      | Noticed Pikel
  6499 | D:7      | Killed Pikel
  6499 | D:7      | Reached skill level 5 in Armour
  6690 | D:7      | Found a staircase to the Ecumenical Temple.
  6924 | D:7      | Found a burning altar of Makhleb.
  7190 | D:8      | Reached skill level 5 in Dodging
  7314 | D:8      | Reached skill level 9 in Fighting
  7314 | D:8      | Reached XP level 10. HP: 66/66 MP: 13/13
  7316 | D:8      | Noticed Harold
  7466 | D:9      | Found an ancient bone altar of Kikubaaqudgha.
  7580 | D:9      | Noticed Erica
  7602 | D:9      | Killed Erica
  7602 | D:9      | Reached skill level 5 in Invocations
  7757 | D:9      | Found Gecib's Armour Shop.
  8096 | D:8      | Found a basalt altar of Yredelemnul.
  8274 | D:8      | Found a blossoming altar of Fedhas.
  8377 | D:8      | Killed Harold
  8563 | D:9      | Bought the +1 pair of gloves "Toeruar" {rF+ rN+ Dex+4} for
                  | 577 gold pieces
  8585 | D:10     | Entered Level 10 of the Dungeon
  8596 | D:10     | Found a runed translucent door.
  8596 | D:10     | Noticed Novichep's ghost (journeyman GnWz)
  8617 | D:10     | Reached skill level 10 in Fighting
  8649 | D:10     | Reached *** piety under Qazlal
  8705 | D:10     | Found a staircase to the Orcish Mines.
  8845 | D:10     | Reached XP level 11. HP: 72/72 MP: 16/16
  8915 | D:10     | Reached **** piety under Qazlal
  9072 | D:10     | Noticed Psyche
  9081 | D:10     | Killed Psyche
  9922 | D:11     | Found a staircase to the Lair.
 10601 | D:12     | Reached skill level 11 in Fighting
 10661 | D:12     | Noticed an orc knight
 10715 | D:12     | Killed an orc knight
 10716 | D:12     | Reached ***** piety under Qazlal
 11293 | D:12     | Reached XP level 12. HP: 73/80 MP: 18/18
 11356 | D:12     | Noticed a five-headed hydra
 11370 | D:12     | Killed a five-headed hydra
 11370 | D:12     | Reached skill level 10 in Maces & Flails
 11601 | D:12     | Noticed a two-headed ogre
 11616 | D:12     | Killed a two-headed ogre
 12193 | Lair:1   | Entered Level 1 of the Lair of Beasts
 12227 | Lair:1   | Noticed a seven-headed hydra
 12241 | Lair:1   | Killed a seven-headed hydra
 12614 | Lair:1   | Reached skill level 12 in Fighting
 13896 | Lair:3   | Noticed a five-headed hydra
 13912 | Lair:3   | Killed a five-headed hydra
 13912 | Lair:3   | Reached skill level 10 in Invocations
 14338 | Lair:3   | Reached XP level 13. HP: 42/87 MP: 20/20
 14935 | Lair:4   | Noticed Urug
 14946 | Lair:4   | Killed Urug
 14998 | Lair:4   | Found a staircase to the Swamp.
 15103 | Lair:4   | Noticed Rupert
 15172 | Lair:4   | You fall into a shaft and drop 1 floor!
 15619 | Lair:5   | Noticed Hairutzoic's ghost (journeyman MiBe)
 15657 | Lair:5   | Reached skill level 13 in Fighting
 15940 | Lair:5   | Found a runed translucent door.
 16458 | Lair:6   | Entered Level 6 of the Lair of Beasts
 16463 | Lair:6   | Noticed Josephine
 16479 | Lair:5   | Killed Josephine
 16890 | Lair:4   | Killed Rupert
 16890 | Lair:4   | Gained mutation: Your large and strong wings let you fly
                  | indefinitely. [Gargoyle growth]
 16890 | Lair:4   | Reached XP level 14. HP: 40/94 MP: 22/22
 17306 | Lair:4   | Found a hole to the Spider Nest.
 18317 | Lair:6   | Reached skill level 14 in Fighting
 18739 | Lair:6   | Reached ****** piety under Qazlal
 18911 | Lair:6   | Reached skill level 10 in Armour
 19580 | Lair:6   | Found a staircase to the Slime Pits.
 19855 | D:9      | Bought the +8 chain mail of Tiasaas {+Inv Dex+3} for 1036
                  | gold pieces
 19923 | Orc:1    | Entered Level 1 of the Orcish Mines
 19924 | Orc:1    | Found Elikeiku's Weapon Shoppe.
 19999 | Orc:1    | You are sucked into a shaft and drop 1 floor!
 19999 | Orc:2    | Entered Level 2 of the Orcish Mines
 20039 | Orc:2    | Noticed Donald
 20053 | Orc:2    | Killed Donald
 20292 | Orc:2    | Found a staircase to the Elven Halls.
 20467 | Orc:2    | Reached XP level 15. HP: 59/101 MP: 24/24
 20666 | Orc:2    | Found Tusho's Magic Scroll Emporium.
 20667 | Orc:2    | Found Zaywkal's Weapon Boutique.
 20667 | Orc:2    | Found Pumonk's Jewellery Shoppe.
 20691 | Orc:2    | Found Lures's Book Shop.
 21602 | Orc:2    | Bought an uncursed ring of see invisible for 180 gold
                  | pieces
 21603 | Orc:2    | Bought an uncursed ring of positive energy for 240 gold
                  | pieces
 22256 | D:13     | Found Gowigubb's Antique Armour Shoppe.
 22273 | D:13     | Bought a runed scarf for 336 gold pieces
 22279 | D:13     | Identified Jigeameosu's Compendium of the Snowflakes and
                  | Evil Arts
 22614 | D:13     | Found a gate to the Vaults.
 22753 | D:14     | Reached skill level 15 in Fighting
 22953 | D:14     | Found a frozen archway.
 22970 | IceCv    | Entered an ice cave
 23737 | IceCv    | Noticed a frost giant
 23742 | IceCv    | Killed a frost giant
 24520 | D:14     | Found a shattered altar of Ashenzari.
 24676 | D:14     | Identified Roxanne's Tome of Stones
 24676 | D:14     | Noticed Roxanne
 24861 | D:15     | Entered Level 15 of the Dungeon
 25095 | D:15     | Reached XP level 16. HP: 108/108 MP: 17/26
 25800 | D:15     | Found a staircase to the Depths.
 26739 | Swamp:1  | Entered Level 1 of the Swamp
 26757 | Swamp:1  | Noticed Frances
 26825 | Spider:1 | Entered Level 1 of the Spider Nest
 26993 | Swamp:1  | Mangled by a shambling mangrove

Illustrated notes

Levels and vault maps discovered:
D:1:      co_arrival_random_square_maze, layout_basic
D:2:      layout_basic, zin_purify, minmay_cupped, uniq_robin
D:3:      layout_basic, first_ration, serial_curves, eino_curves_03,
          eino_curves_02, minmay_misc_feat_plants, kennysheep_cross_room
D:4:      layout_cave_pools, serial_shops, shop, uniq_eustachio
D:5:      layout_basic, minmay_gold_behind_fungi,
          nicolae_qazlal_eye_of_the_storm, uniq_menkaure, uniq_edmund,
          uniq_grinder
D:6:      layout_loops_ring, nicolae_overflow_crystal_walls,
          chequers_temple_overflow_statue_of_worship
D:7:      layout_loops_cross, kennysheep_mini, lemuel_coloured_pillars_altar,
          lemuel_crystal_altar, minmay_temple_entry_large_hall, grunt_ogre_cave,
          uniq_pikel
D:8:      layout_rooms, basic_altar, fedhas_ov_isle_minmay, uniq_harold
D:9:      layout_rooms, lemuel_crystal_altar, serial_shops, shop, uniq_erica
D:10:     layout_loops_cross, zombieorc2_lemuel, ebering_ghost_inner_flame,
          uniq_psyche
D:11:     layout_long_grid, erik_lair_island
D:12:     layout_loops_corners
D:13:     layout_cave_pods, david_vaults_2, serial_shops,
          nicolae_shop_overgrown_old_shop, kennysheep_potato
D:14:     kennysheep_kobold_grotto, layout_basic, nicolae_ashenzari_panopticon,
          portal_ice_cave_entry_pillars_1, uniq_roxanne
D:15:     hangedman_depths_entry_civil_slaughter, layout_basic, eino_curves_03,
          serial_ice, serial_ice_b, serial_ice_m, serial_ice_o, serial_ice_j
Lair:1:   layout_cave_pods, grunt_megastairs_1, infiniplex_staircase_pool_2
Lair:2:   layout_chaotic_city, lemuel_fruit_fields, grunt_megastairs_5,
          infiniplex_staircase_pool, lemuel_fruit_tree
Lair:3:   layout_loops_ring, lemuel_fruit_fields, lemuel_fruit_fields,
          lemuel_fruit_fields
Lair:4:   layout_regular_city, minmay_swamp_entry_worms,
          spider_nest_entry_web_field, serial_bayou_shore_b,
          serial_bayou_shore_a, uniq_rupert, uniq_urug
Lair:5:   layout_loops_ring, hellmonk_ghost_happy_afterlife
Lair:6:   minmay_lair_end_frog_pond, layout_regular_city,
          nicolae_slime_entry_slimehenge, minmay_lair_oklob_chamber,
          uniq_josephine
Swamp:1:  layout_falls_marsh, evilmike_swamp_ruin_house_5, swamp_pool3,
          uniq_frances
Spider:1: layout_spider_delve
Orc:1:    layout_diamond_mine, serial_shops, shop
Orc:2:    st_orc_rangers, layout_caves, abandoned_shop, minmay_orc_barracks,
          uniq_donald

Skill      XL: |  1  2  3  4  5  6  7  8  9 10 11 12 13 14 15 |
---------------+----------------------------------------------+-----
Armour         | 1 2 3 4 5 6 7 8 9 10 11 | 11.3
Fighting       | 4 5 6 7 9 10 11 12 13 14 15 | 15.9
Short Blades   | 1 2 |  2.7
Dodging        | 3 4 5 6 7 8 9 |  9.3
Maces & Flails | 4 6 7 8 9 11 12 13 14 | 14.4
Invocations    | 1 4 6 8 10 11 12 14 | 14.4
Stealth        | |  2.1

Action                   |  1- 3 |  4- 6 |  7- 9 | 10-12 | 13-15 | 16-18 || total
-------------------------+-------+-------+-------+-------+-------+-------++-------
Melee: Mace              |    64 |       |       |       |       |       ||    64
       Quarterstaff      |    22 |    41 |       |       |       |       ||    63
       Dagger            |       |   195 |    19 |       |       |       ||   214
       Unarmed           |       |    11 |       |       |       |       ||    11
       Morningstar       |       |       |   278 |   725 |  1364 |   165 ||  2532
 Fire: Hunting sling     |       |     9 |       |       |       |       ||     9
Invok: Upheaval          |       |       |       |     6 |    10 |     7 ||    23
       Disaster Area     |       |       |       |       |     2 |       ||     2
       Elemental Force   |       |       |       |       |     1 |       ||     1
 Abil: Fly               |       |       |       |       |     1 |       ||     1
Evoke: Wand              |       |       |     6 |     5 |    11 |       ||    22
  Use: Scroll            |     4 |     6 |     5 |    11 |    14 |     3 ||    43
       Potion            |     3 |     2 |     5 |     6 |     7 |     2 ||    25
 Stab: Sleeping          |     2 |       |     3 |       |       |       ||     5
       Paralysed         |       |       |       |     3 |     4 |       ||     7
       Confused          |       |       |       |       |     1 |       ||     1
       Petrified         |       |       |       |       |     3 |       ||     3
       Distracted        |       |       |       |       |     1 |       ||     1
       Petrifying        |       |       |       |       |     1 |       ||     1
  Eat: Ration            |     1 |     1 |       |     2 |     7 |     3 ||    14
       Chunk             |       |     4 |    10 |    22 |    18 |       ||    54
Armor: Robe              |    21 |       |       |       |       |       ||    21
       Ring mail         |    30 |    98 |   137 |   390 |       |       ||   655
       Skin              |       |     3 |       |    12 |       |       ||    15
       Chain mail        |       |       |       |       |   786 |   107 ||   893
Dodge: Dodged            |    78 |   145 |   208 |   548 |   836 |   137 ||  1952
       Repelled          |       |       |       |    12 |    43 |     3 ||    58
Block: Other             |       |       |     9 |   202 |   510 |    63 ||   784
